 Dungeon Crawl Stone Soup version 0.16.1-18-g436b03c (webtiles) character file.

17574 namelastname112 the Spear-Bearer (level 12, -13/106 HPs)
             Began as a Black Draconian Chaos Knight on May 2, 2015.
             Mangled by drasked1's ghost (20 damage)
             ... on level 11 of the Dungeon.
             The game lasted 00:39:33 (16359 turns).

namelastname112 the Spear-Bearer (DrCK)            Turns: 16359, Time: 00:39:34

Health: -13/106    AC: 12    Str: 20    XL:     12   Next: 20%
Magic:  35/35      EV: 14    Int: 13    God:    Xom [...*..]
Gold:   819        SH:  0    Dex: 12    Spells: 0 memorised, 11 levels left

rFire  + . .     SeeInvis .     w - +1 halberd (elec)
rCold  . . .     Clarity  .     (armour unavailable)
rNeg   . . .     SustAb   .     (no shield)
rPois  +         Gourm    +     (helmet restricted)
rElec  +         Spirit   .     (no cloak)
rCorr  .         Warding  .     A - +0 pair of gloves
rMut   .         Stasis   .     z - +1 pair of boots
MR     ++...                    I - amulet of the gourmand
Stlth  +.........               J - ring of magical power
                                b - ring of protection from fire

@: short of breath, slowed, heavily drained, very slow, very resistant to
hostile enchantments, very unstealthy
A: breathe lightning, unfitting armour, claws 1, horns 1, stinger 1, talons 1,
blink 1, breathe flames 1, clumsy 1, magic resistance 2, poison resistance,
shaggy fur 1, electricity resistance, strong 2, cold-blooded, AC +8
a: Breathe Lightning, Blink, Renounce Religion, Breathe Fire


You were on level 11 of the Dungeon.
You worshipped Xom.
You were a favourite toy of Xom.
You were hungry.

You visited 1 branch of the dungeon, and saw 12 of its levels.
You also visited: Bailey.

You collected 819 gold pieces.

Inventory:

Hand weapons
 e - the +3 hand axe of Honesty {elec, rF++ Int+2}
   (You found it on level 7 of the Dungeon)

   Occasionally, upon striking a foe, it will discharge some electrical energy
   and cause terrible harm.
   It affects your intelligence (+2).
   It greatly protects you from fire.
 s - a +2 halberd of flaming
 w - a +1 halberd of electrocution (weapon)
Missiles
 p - 3 throwing nets (quivered)
Armour
 z - a +1 pair of boots (worn)
 A - a +0 pair of gloves (worn)
Jewellery
 b - a ring of protection from fire (left hand)
 d - an uncursed ring of flight
 q - an uncursed amulet of rage
 I - an amulet of the gourmand (around neck)
 J - a ring of magical power (right hand)
Magical devices
 g - a wand of digging (8)
 i - a wand of slowing (28)
 k - a wand of magic darts (12)
 o - a wand of slowing (7)
 v - a wand of magic darts (25)
 B - a wand of fireball (0)
 F - a wand of random effects (0)
 K - a wand of magic darts (18)
Scrolls
 a - a scroll of summoning
 f - 7 scrolls of remove curse
 l - 2 scrolls of enchant armour
 m - 2 scrolls of magic mapping
 y - 6 scrolls of enchant weapon
 D - a scroll of teleportation
 M - a scroll of holy word
 N - 5 scrolls of identify
Potions
 h - 2 potions of restore abilities
 n - a potion of mutation
 r - a potion of resistance
 t - 3 potions of might
 C - 3 potions of magic
 E - a potion of heal wounds
 H - 4 potions of agility
 L - a potion of cure mutation
Books
 j - a book of Maledictions

   Spells                             Type                      Level
   a - Corona                         Hexes                        1
   b - Sure Blade                     Hexes/Charms                 2
   c - Ensorcelled Hibernation        Hexes/Ice                    2
   d - Confuse                        Hexes                        3
   e - Dazzling Spray                 Conjuration/Hexes            3
   f - Enslavement                    Hexes                        4
 x - a book of Power

   Spells                             Type                      Level
   a - Fulminant Prism                Conjuration/Hexes            4
   b - Iskenderun's Mystic Blast      Conjuration                  4
   c - Venom Bolt                     Conjuration/Poison           5
   d - Bolt of Magma                  Conjuration/Fire/Earth       5
   e - Iron Shot                      Conjuration/Earth            6
   f - Orb of Destruction             Conjuration                  7
   g - Spellforged Servitor           Conjuration/Summoning        7
 G - a book of Changes

   Spells                             Type                      Level
   a - Beastly Appendage              Transmutation                1
   b - Sticks to Snakes               Transmutation                2
   c - Spider Form                    Transmutation/Poison         3
   d - Ice Form                       Ice/Transmutation            4
   e - Blade Hands                    Transmutation                5
Comestibles
 c - 6 bread rations
 u - 18 fruits
 O - 2 meat rations


   Skills:
 + Level 9.7(6.7) Fighting
 * Level 12.1(9.0) Polearms
 + Level 8.3(5.4) Dodging
 + Level 11.7(8.6) Evocations


You had 11 spell levels left.
You didn't know any spells.

Dungeon Overview and Level Annotations

Branches:
Dungeon (12/15)            Temple (0/1) D:5            Lair (0/8) D:9
    Orc (0/4) D:11

Altars:
Ashenzari
Cheibriados
Dithmenos
Fedhas
Gozag
Makhleb
Nemelex Xobeh
Trog
Vehumet
Xom
Yredelemnul

Annotations:
D:11 drasked1's ghost, powerful GrBe


Innate Abilities, Weirdness & Mutations

You can breathe wild blasts of lightning.
Your glossy black scales are hard (AC +8).
Your body does not fit into most forms of armour.
You are resistant to electric shocks.
Your cold-blooded metabolism reacts poorly to cold.
You have sharp fingernails.
You have a pair of small horns on your head.
Your tail ends in a poisonous barb.
You have sharp toenails.
You can translocate small distances at will.
You can breathe flames.
You are clumsy. (Dex -2)
You are highly resistant to hostile enchantments.
Your system is resistant to poisons.
You are covered in fur (AC +1).
Your muscles are very strong. (Str +4)


Message History

You tail-slap drasked1's ghost, but do no damage.
Drasked1's ghost is severely damaged.
Drasked1's ghost hits you!
You feel drained.
You hit drasked1's ghost.
You headbutt drasked1's ghost, but do no damage.
Drasked1's ghost is almost destroyed.
Drasked1's ghost closely misses you. Drasked1's ghost hits you!!
You feel drained.
* * * LOW HITPOINT WARNING * * *
Drink which item? (? for menu, Esc to quit)
Okay, then.
Use which ability? (? or * to list)
You fail to use your ability.
Drasked1's ghost hits you!
* * * LOW HITPOINT WARNING * * *
You feel drained.
* * * LOW HITPOINT WARNING * * *
Use which ability? (? or * to list)
You blink.
You feel slightly more hungry. Drasked1's ghost hits you!!
You die...
Xom titters!

##.........
'.........#
#.........#
#.....%...#
#.........#
#.........#
#'# #.# #@#
#W# #ยง##
#..# ##.#
#.### #...#
###.###
#...##


You could see drasked1's ghost.

Vanquished Creatures
  A death yak (D:9)
  Erolcha (D:8)
  A hill giant (D:10)
  An orc knight (Bailey)
  An ugly thing (D:12)
  A komodo dragon (D:10)
  A spiny frog (D:9)
  3 wandering mushrooms (D:10)
  Grinder (D:4)
  A troll (D:11)
  A wyvern (D:9)
  A deep elf mage (D:10)
  A hungry ghost (D:11)
  14 yaks (D:9)
  A steam dragon (D:6)
  2 water moccasins
  A hippogriff (D:5)
  Edmund (D:8)
  3 sky beasts
  A phantom (D:9)
  A boggart (D:6)
  3 ogres
  A necrophage (D:7)
  6 orc warriors
  A wasp (D:10)
  The ghost of Scuka the Changer, an average MfTm (D:3)
  5 giant frogs
  3 centaurs
  A wyvern zombie (D:9)
  3 scorpions
  3 killer bees (D:11)
  2 oklob saplings (D:10)
  7 wights
  2 goliath beetles (D:6)
  6 crimson imps
  A giant frog zombie (D:7)
  A centaur zombie (D:9)
  13 hounds
  5 orc priests
  4 iguanas
  2 gnoll shamans
  3 centaur skeletons
  A giant frog skeleton (D:8)
  3 jellies
  10 orc wizards
  3 iron imps (D:8)
  9 worker ants
  Natasha (thrice) (D:5)
  A sheep (D:11)
  Ijyb (D:2)
  A hound skeleton (D:6)
  A worker ant zombie (D:6)
  27 gnolls
  3 giant mites
  10 adders
  6 shadow imps
  3 white imps
  2 ufetubi
  3 worms
  An adder skeleton (D:8)
  An adder zombie (D:6)
  2 giant geckos
  3 oozes
  48 orcs
  A bat skeleton (D:6)
  3 giant cockroaches
  12 goblins
  19 hobgoblins
  8 jackals
  11 quokkas
  8 bats
  A giant cockroach zombie (D:5)
  6 giant newts
  A giant spore (D:11)
  A jackal skeleton (D:4)
  27 kobolds
  24 rats
  2 ballistomycetes (D:11)
378 creatures vanquished.

Vanquished Creatures (collateral kills)
  A centaur zombie (D:9)
  A wight (D:10)
  An orc priest (D:9)
  A gnoll (Bailey)
  An orc (D:7)
  A goblin (D:1)
  A jackal (D:6)
  A kobold (Bailey)
  A butterfly (D:12)
9 creatures vanquished.

Vanquished Creatures (others)
  A yak (D:9)
  A water elemental (D:9)
  3 ufetubi
  A hobgoblin (D:1)
  A wandering mushroom (D:10)
  A butterfly (D:2)
8 creatures vanquished.

Grand Total: 395 creatures vanquished

Notes
Turn   | Place    | Note
--------------------------------------------------------------
     0 | D:1      | namelastname112, the Draconian Chaos Knight, began the quest for the Orb.
     0 | D:1      | Reached XP level 1. HP: 19/19 MP: 1/1
   219 | D:1      | Reached XP level 2. HP: 21/26 MP: 2/2
   225 | D:1      | XOM: divination: detect creatures
   390 | D:1      | Found a sparkling altar of Nemelex Xobeh.
   432 | D:1      | XOM: vitrification
   552 | D:1      | XOM: mild Divn miscast
   594 | D:1      | XOM: give mutations
   594 | D:1      | Gained mutation: You are resistant to hostile enchantments. [Xom's grace]
   594 | D:1      | Gained mutation: You have sharp fingernails. [Xom's grace]
   594 | D:1      | Gained mutation: You are covered in fur (AC +1). [Xom's grace]
   594 | D:1      | Gained mutation: You can translocate small distances at will. [Xom's grace]
   792 | D:2      | Noticed Ijyb
   803 | D:2      | Killed Ijyb
   803 | D:2      | Reached XP level 3. HP: 31/33 MP: 3/3
   866 | D:2      | XOM: stat loss: -1 Str (13/14)
   868 | D:2      | XOM: blink monster(s)
   874 | D:2      | XOM: noise
   900 | D:2      | Reached skill level 4 in Polearms
   907 | D:2      | XOM: butterfly on damage
   958 | D:2      | XOM: silly message
  1185 | D:1      | Reached XP level 4. HP: 16/40 MP: 4/4
  1772 | D:2      | Reached skill level 1 in Evocations
  2087 | D:3      | XOM: silly message
  2296 | D:3      | Reached XP level 5. HP: 46/46 MP: 6/6
  2353 | D:3      | Noticed Scuka's ghost (average MfTm)
  2416 | D:3      | XOM: potion effect (heal wounds)
  2422 | D:3      | Killed Scuka's ghost
  2486 | D:3      | XOM: vitrification
  2694 | D:3      | Reached XP level 6. HP: 23/53 MP: 6/8
  2905 | D:3      | XOM: mild Trmt miscast
  2953 | D:4      | Noticed Grinder
  2976 | D:3      | Reached skill level 5 in Polearms
  3120 | D:4      | XOM: cast spell 'Metabolic Englaciation'
  3129 | D:4      | XOM: harmless Necr miscast
  3180 | D:3      | XOM: medium Fire miscast
  3190 | D:3      | HP: 2/53 [sky beast (5)]
  3576 | D:4      | XOM: divination: detect creatures
  3597 | D:4      | XOM: confuse monster(s)
  3615 | D:4      | XOM: noise
  3623 | D:4      | XOM: silly message
  3633 | D:4      | XOM: enchant monster (good)
  3642 | D:4      | Killed Grinder
  3785 | D:4      | Your scales start taking on a glossy black colour.
  3785 | D:4      | Gained mutation: You are resistant to electric shocks. [draconian maturity]
  3785 | D:4      | Reached XP level 7. HP: 57/60 MP: 11/11
  3863 | D:4      | XOM: cast spell 'Cause Fear'
  3869 | D:4      | Reached skill level 5 in Fighting
  4216 | D:4      | XOM: cast spell 'Ring of Flames'
  4295 | D:4      | XOM: divination: detect items
  4376 | D:4      | XOM: silly message
  4467 | D:5      | Entered Level 5 of the Dungeon
  4543 | D:5      | XOM: divination: detect creatures
  4551 | D:5      | XOM: divination: detect items
  4580 | D:5      | Found a staircase to the Ecumenical Temple.
  4637 | D:5      | XOM: harmless Ice miscast
  4744 | D:5      | Reached skill level 6 in Polearms
  5036 | D:5      | XOM: potion effect (heal wounds)
  5045 | D:5      | XOM: divination: magic mapping
  5047 | D:5      | XOM: cast spell 'Cause Fear'
  5075 | D:5      | Reached skill level 5 in Evocations
  5075 | D:5      | Reached XP level 8. HP: 54/68 MP: 14/14
  5105 | D:5      | XOM: divination: detect creatures
  5142 | D:5      | XOM: medium Trmt miscast
  5260 | D:5      | Noticed Natasha
  5285 | D:5      | Killed Natasha
  5510 | D:5      | Noticed Natasha
  5520 | D:5      | Killed Natasha
  5619 | D:5      | Noticed Natasha
  5649 | D:5      | Killed Natasha
  5920 | D:6      | XOM: confuse monster(s)
  6068 | D:6      | XOM: colour smoke trail
  6128 | D:6      | XOM: noise
  6299 | D:6      | XOM: fog
  6352 | D:6      | XOM: summons 2 hostile demons
  6360 | D:6      | XOM: polymorph shadow imp -> ufetubus
  6426 | D:6      | XOM: 2-stop teleportation journey
  6584 | D:6      | Found a blossoming altar of Fedhas.
  6594 | D:6      | XOM: swap monsters
  6605 | D:6      | XOM: noise
  6665 | D:6      | XOM: 3-stop teleportation journey
  6727 | D:6      | Reached skill level 7 in Polearms
  6790 | D:6      | XOM: cast spell 'Excruciating Wounds'
  6813 | D:6      | XOM: smoke on damage
  6817 | D:6      | XOM: enchant monster (good)
  6844 | D:6      | XOM: chaos cloud
  6894 | D:6      | XOM: divination: detect creatures
  7220 | D:6      | XOM: god gift: small crystal amulet {god gift}
  7284 | D:6      | XOM: harmless Air miscast
  7286 | D:6      | XOM: potion effect (invisibility)
  7578 | D:6      | XOM: smoke on damage
  7801 | D:6      | XOM: potion effect (berserk rage)
  7803 | D:6      | Reached skill level 5 in Dodging
  7803 | D:6      | Reached XP level 9. HP: 77/77 MP: 16/18
  7807 | D:6      | XOM: divination: detect creatures
  7869 | D:6      | XOM: silly message
  7939 | D:6      | Found a snail-covered altar of Cheibriados.
  7962 | D:6      | XOM: potion effect (berserk rage)
  8105 | D:6      | Gained mutation: You are highly resistant to hostile enchantments. [potion of beneficial mutation]
  8106 | D:6      | Gained mutation: Your system is resistant to poisons. [potion of beneficial mutation]
  8277 | D:7      | Found a flagged portal.
  8285 | Bailey   | Entered a bailey
  8310 | Bailey   | XOM: divination: magic mapping
  8470 | Bailey   | Noticed an orc knight
  8619 | Bailey   | Reached skill level 8 in Polearms
  8873 | Bailey   | XOM: divination: detect creatures
  8884 | Bailey   | XOM: mild Hex miscast
  8901 | Bailey   | XOM: harmless Divn miscast
  8906 | Bailey   | Killed an orc knight
  9032 | Bailey   | XOM: summons 1 hostile demon
  9203 | Bailey   | XOM: summons 5 hostile shadow creatures
  9333 | Bailey   | XOM: noise
  9644 | D:7      | Got a pitted hand axe
  9658 | D:7      | Identified the +3 hand axe of Honesty {elec, rF++ Int+2} (You found it on level 7 of the Dungeon)
  9720 | D:7      | XOM: chaos upgrade
  9741 | D:7      | XOM: confusion (+ monsters)
  9752 | D:7      | XOM: summons 2 hostile shadow creatures
  9829 | D:7      | XOM: summons 4 hostile demons
 10034 | D:7      | XOM: confusion (+ monsters)
 10159 | D:7      | XOM: harmless Necr miscast
 10709 | D:7      | Reached skill level 9 in Polearms
 10803 | D:8      | XOM: blink monster(s)
 10850 | D:8      | XOM: colour smoke trail
 10898 | D:8      | XOM: enchant monster (bad)
 11187 | D:8      | Noticed Edmund
 11190 | D:8      | XOM: confusion (+ monsters)
 11207 | D:8      | Killed Edmund
 11207 | D:8      | Reached XP level 10. HP: 86/86 MP: 21/21
 11341 | D:8      | Found a basalt altar of Yredelemnul.
 11351 | D:8      | Found a radiant altar of Vehumet.
 11358 | D:8      | Found a shadowy altar of Dithmenos.
 11365 | D:8      | Found a shimmering altar of Xom.
 11370 | D:8      | Found a burning altar of Makhleb.
 11377 | D:8      | Found an opulent altar of Gozag.
 11382 | D:8      | Found a bloodstained altar of Trog.
 11608 | D:8      | XOM: severe Erth miscast
 11783 | D:8      | Noticed Erolcha
 11794 | D:8      | Killed Erolcha
 11842 | D:8      | XOM: summons 5 hostile demons
 12241 | D:7      | XOM: give mutations
 12241 | D:7      | Gained mutation: You are clumsy. (Dex -2) [Xom's mischief]
 12561 | D:9      | Found a staircase to the Lair.
 12561 | D:9      | XOM: 1-stop teleportation journey
 12586 | D:9      | XOM: enchant monster (good)
 12640 | D:9      | XOM: give mutations
 12640 | D:9      | Gained mutation: You have sharp toenails. [Xom's grace]
 12640 | D:9      | Gained mutation: Your muscles are strong. (Str +2) [Xom's grace]
 12794 | D:9      | Noticed a death yak
 12796 | D:9      | XOM: fog
 12806 | D:9      | XOM: enchant monster (good)
 12847 | D:9      | XOM: cast spell 'Stoneskin'
 12852 | D:9      | Found a shattered altar of Ashenzari.
 12852 | D:9      | XOM: 2-stop teleportation journey
 12878 | D:9      | XOM: silly message
 12916 | D:9      | XOM: fog
 12919 | D:9      | XOM: confuse monster(s)
 12932 | D:9      | HP: 3/88 [orc priest/divine providence (14)]
 12941 | D:9      | XOM: fog
 12949 | D:9      | Reached skill level 11 in Polearms
 12949 | D:9      | Reached XP level 11. HP: 17/95 MP: 25/25
 12954 | D:9      | XOM: confuse monster(s)
 12961 | D:9      | XOM: divination: magic mapping
 12976 | D:9      | XOM: divination: detect items
 12982 | D:9      | XOM: cast spell 'Metabolic Englaciation'
 13366 | D:9      | XOM: potion effect (agility)
 13367 | D:9      | XOM: potion effect (haste)
 13617 | D:9      | XOM: confuse monster(s)
 13667 | D:9      | XOM: confuse monster(s)
 13693 | D:9      | XOM: summons friendly ufetubus
 14056 | D:9      | Killed a death yak
 14216 | D:9      | XOM: mild Air miscast
 14372 | D:9      | XOM: cast spell 'Flight'
 14387 | D:10     | Entered Level 10 of the Dungeon
 14718 | D:10     | XOM: divination: detect items
 14727 | D:10     | Found a blossoming altar of Fedhas.
 14883 | D:10     | Noticed a hill giant
 14898 | D:10     | HP: 1/97 [hill giant/giant club (26)]
 14908 | D:10     | Killed a hill giant
 14908 | D:10     | Reached XP level 12. HP: 8/105 MP: 26/26
 15042 | D:10     | XOM: potion effect (curing)
 15043 | D:10     | XOM: potion effect (brilliance)
 15051 | D:10     | XOM: summons friendly neqoxec
 15261 | D:10     | XOM: scenery: create altars
 15714 | D:10     | XOM: give mutations
 15714 | D:10     | Gained mutation: Your muscles are very strong. (Str +4) [Xom's grace]
 15714 | D:10     | Gained mutation: You have a pair of small horns on your head. [Xom's grace]
 15714 | D:10     | Gained mutation: You can breathe flames. [Xom's grace]
 15791 | D:10     | XOM: give mutation
 15791 | D:10     | Gained mutation: Your tail ends in a poisonous barb. [Xom's grace]
 15982 | D:11     | You fall through a shaft!
 15983 | D:12     | XOM: swap monsters
 15988 | D:12     | XOM: cast spell 'Summon Butterflies'
 15989 | D:12     | Reached skill level 12 in Polearms
 16066 | D:11     | XOM: harmless Fire miscast
 16086 | D:11     | XOM: polymorph killer bee -> sheep
 16225 | D:11     | XOM: confuse monster(s)
 16293 | D:11     | Found a staircase to the Orcish Mines.
 16344 | D:11     | Noticed drasked1's ghost (powerful GrBe)
 16349 | D:11     | XOM: mild Necr miscast
 16359 | D:11     | Mangled by drasked1's ghost

Action                   |  1- 3 |  4- 6 |  7- 9 | 10-12 || total
-------------------------+-------+-------+-------+-------++-------
Melee: Spear             |   106 |   236 |   663 |       ||  1005
       Halberd           |       |       |   261 |   388 ||   649
Throw: Throwing net      |     1 |       |       |       ||     1
 Abil: Evoke Flight      |     1 |       |     1 |       ||     2
       Blink             |     1 |       |     1 |     2 ||     4
       Evoke Berserk Rag |       |     1 |       |       ||     1
       Breathe Lightning |       |       |     6 |     2 ||     8
Evoke: Deck              |     5 |       |     2 |     1 ||     8
       Wand              |       |       |    14 |    29 ||    43
  Use: Potion            |     1 |     5 |     7 |    10 ||    23
       Scroll            |       |       |    20 |     7 ||    27
 Stab: Confused          |     1 |     1 |    11 |     3 ||    16
       Distracted        |     1 |       |     1 |     1 ||     3
       Paralysed         |       |    11 |    14 |       ||    25
       Petrifying        |       |     2 |     1 |     3 ||     6
       Petrified         |       |     1 |       |       ||     1
       Fleeing           |       |       |     1 |       ||     1
       Invisible         |       |       |     4 |       ||     4
       Sleeping          |       |       |       |     1 ||     1
  Eat: Chunk             |     1 |     6 |    12 |    10 ||    29
       Meat ration       |       |     1 |     1 |     1 ||     3
       Beef jerky        |       |       |     1 |     1 ||     2
       Bread ration      |       |       |     2 |       ||     2
